 Dungeon Crawl Stone Soup version 0.28.0 (webtiles) character file.

Game seed: 10800964890504343749

71 HallandMoats the Skirmisher (level 4, -3/40 HPs)
             Began as a Ghoul Monk on Feb 8, 2022.
             Slain by Grinder (4 damage)
             ... on level 3 of the Dungeon.
             The game lasted 00:02:20 (2357 turns).

HallandMoats the Skirmisher (Ghoul Monk)            Turns: 2357, Time: 00:02:21

Health: -3/40      AC:  5    Str: 16    XL:     4   Next: 24%
Magic:  3/3        EV:  7    Int:  5    God:
Gold:   101        SH: 11    Dex: 11    Spells: 3/3 levels left

rFire   . . .      SeeInvis .   a - +0 spear
rCold   + . .      Faith    .   c - +1 tower shield {reflect}
rNeg    + + +      Spirit   .   i - +0 ring mail
rPois   ∞          Reflect  +   (no helmet)
rElec   .          Harm     .   (no cloak)
rCorr   .          Rampage  .   (no gloves)
Will    .....                   (no boots)
Stlth   +.........              (no amulet)
HPRegen 0.00/turn               (no ring)
MPRegen 0.08/turn               (no ring)

@: mighty, inhibited regen
A: claws 1, cold resistance 1, negative energy resistance 3, inhibited
regeneration, torment resistance 2
a: no special abilities


You were on level 3 of the Dungeon.
You visited 1 branch of the dungeon, and saw 3 of its levels.

You collected 101 gold pieces.

Inventory:

Hand Weapons
 a - a +0 spear (weapon)
Armour
 c - a +1 tower shield of reflection (worn)
 i - a +0 ring mail (worn)
Scrolls
 b - a scroll of vulnerability {unknown}
 d - a scroll of enchant weapon {unknown}
 h - a scroll of teleportation {unknown}
 j - a scroll of identify {unknown}
Potions
 f - a potion of flight {unknown}
 g - a potion of heal wounds {unknown}


   Skills:
 + Level 3.8 Fighting
 + Level 3.1 Polearms
 + Level 1.2 Armour
 + Level 3.1 Dodging
 - Level 2.1 Stealth
 + Level 1.1 Shields


You had 3 spell levels left.
You didn't know any spells.
Your spell library contained the following spells:

 Spells                   Type           Power      Damage    Failure   Level
 Summon Hydra             Summ           0%         N/A       100%        7
 Sublimation of Blood     Necr           Unusable   N/A       N/A         2
 Wereblood                Tmut           Unusable   N/A       N/A         2

Dungeon Overview and Level Annotations

Branches:
Dungeon (3/15)

Altars:
Nemelex Xobeh

Annotations:
D:3 Grinder


Innate Abilities, Weirdness & Mutations

You thrive by killing the living.
You are immune to poison.
You have sharp fingernails.
Your flesh is cold resistant. (rC+)
You are immune to negative energy. (rN+++)
You do not regenerate when monsters are visible.
You are immune to unholy pain and torment.


Message History

You puncture Grinder!
Grinder is moderately wounded.
Grinder rolls her eyes.
Grinder hits you.
Grinder says, "I used to sell toenails on the black market."
Grinder hits you but does no damage.
You hit Grinder.
Grinder is moderately wounded.
Grinder blinks!
Grinder blinks!
You are too injured to fight recklessly!
Grinder gestures at you. You resist with significant effort.
There is a stone staircase leading down here.
Grinder blinks!
You hit Grinder.
Grinder is heavily wounded.
Grinder barely misses you. Grinder hits you.
You closely miss Grinder.
Grinder is heavily wounded.
Grinder gestures at you.
You suddenly lose the ability to move!
Grinder hits you but does no damage. x2
Grinder hits you!
* * * LOW HITPOINT WARNING * * *
Grinder hits you.
* * * LOW HITPOINT WARNING * * *
Grinder blinks!
Grinder hits you.
* * * LOW HITPOINT WARNING * * *
You can move again.
Unknown command.
Unknown command.
Unknown command.
Unknown command.
Unknown command.
You puncture Grinder!
Grinder is severely wounded.
Grinder hits you.
You die...

.................+.........'.....
...########...####.........###...
#..# ##.## ##.......## #... #..#
#.# ##.....## #..# #..# ...
##...## #..# ...# ..#. ##+# #.(#
##.# ..#.#######.# #..# ...#
#..#.##...##.#### #... ####
#....§@.....>...# #...
#.##.##5..#...#.# #### #
####......# ##...#.#######
##.##.†...... ############


You could see Grinder.

Vanquished Creatures
  Jessica (D:3)
  2 dart slugs
  4 bats
  3 endoplasms
  2 goblins
  6 hobgoblins
  3 jackals (D:2)
  4 quokkas (D:1)
  4 ball pythons
  2 frilled lizards
  2 kobolds (D:2)
  4 rats
37 creatures vanquished.

Notes
Turn   | Place    | Note
-------+----------+-------------------------------------------
     0 | D:1      | HallandMoats the Ghoul Monk began the quest for the Orb.
     0 | D:1      | Reached XP level 1. HP: 19/19 MP: 0/0
     0 | D:1      | Noticed a demonspawn
     0 | D:1      | Noticed a barachi
     2 | D:1      | Noticed a barachi
     4 | D:1      | Noticed a naga
     4 | D:1      | Noticed a tengu
     7 | D:1      | Noticed an octopode
     9 | D:1      | Noticed a demigod
    11 | D:1      | Noticed a troll
    15 | D:1      | Noticed a minotaur
    15 | D:1      | Noticed a tengu
    17 | D:1      | Noticed a minotaur
    19 | D:1      | Noticed a naga
    19 | D:1      | Noticed an octopode
   189 | D:1      | Noticed a floating eye
   192 | D:1      | Found a faded altar of an unknown god.
   201 | D:1      | Noticed an eye of devastation
   202 | D:1      | Noticed a floating eye
   202 | D:1      | Noticed a shining eye
   597 | D:1      | Reached XP level 2. HP: 25/26 MP: 1/1
  1278 | D:2      | Reached XP level 3. HP: 31/31 MP: 2/2
  1633 | D:2      | Reached skill level 1 in Armour
  1858 | D:2      | Found a sparkling altar of Nemelex Xobeh.
  2307 | D:3      | Noticed Jessica
  2310 | D:3      | Killed Jessica
  2311 | D:3      | Reached skill level 1 in Shields
  2311 | D:3      | Reached XP level 4. HP: 40/40 MP: 3/3
  2318 | D:3      | Noticed Grinder
  2319 | D:3      | Paralysed by Grinder for 6 turns
  2350 | D:3      | Paralysed by Grinder for 7 turns
  2354 | D:3      | HP: 2/40 [Grinder (5)]
  2357 | D:3      | Slain by Grinder

Illustrated notes

Levels and vault maps discovered:
D:1:      shiori_arrival_whats_in_store_for_you, layout_loops_corners,
          hellmonk_ecumenical_altar_watching_god
D:2:      layout_basic, basic_altar, corexii_hall_statues_t
D:3:      layout_loops_corners, uniq_jessica, uniq_grinder

Skill      XL: |  1  2  3 |
---------------+----------+-----
Dodging        | 3 |  3.1
Polearms       | 3 |  3.1
Armour         | 1 |  1.2
Shields        | 1 |  1.1
Fighting       | |  3.8
Stealth        | |  2.1

Action                   |  1- 3 |  4- 6 || total
-------------------------+-------+-------++-------
Melee: Spear             |   115 |    15 ||   130
  Use: Potion            |       |     1 ||     1
 Stab: Sleeping          |     9 |       ||     9
Armor: Robe              |     9 |       ||     9
       Chain mail        |    16 |       ||    16
       Ring mail         |     5 |    11 ||    16
Dodge: Dodged            |    18 |     6 ||    24
Block: Tower shield      |    53 |     2 ||    55
       Reflection        |     3 |       ||     3
